TOP OF THE 1ST |
Baffin Island Beavers batting - Pitching for Nassau Rockets : LHP Rod Adams
|
Pitching: LHP Rod Adams
|
|
Batting: RHB Kelly Graham
|
0-0: Ball 1-0: Ball 2-0: SINGLE (Groundball, 56D)
|
Batting: RHB José Aguilera
|
0-0: Ball 1-0: Ball 2-0: Ball 3-0: Called Strike 3-1: Base on Balls Kelly Graham to second
|
Batting: RHB Dave Craig
|
0-0: Ball 1-0: Ball 2-0: Called Strike 2-1: Called Strike 2-2: Ball 3-2: Fly out, F9 (Flyball, 89S)
|
Batting: RHB Tony Morton
|
0-0: Ball 1-0: Fly out, F9 (Line Drive, 9D) Runner from 2nd tags up, SAFE at 3rd, no throw
|
Batting: LHB Norberto Muńóz
|
0-0: Ball 1-0: Ball 2-0: Ground out 1-3 (Groundball, 13)
|
Top of the 1st over - 0 run(s), 1 hit(s), 0 error(s), 2 left on base; Baffin Island 0 - Nassau 0 |
BOTTOM OF THE 1ST |
Nassau Rockets batting - Pitching for Baffin Island Beavers : RHP Robert Reeves
|
Pitching: RHP Robert Reeves
|
|
Batting: SHB Howard Parker
|
0-0: Ball 1-0: Ball 2-0: Called Strike 2-1: Foul Ball, location: 2F 2-2: Ground out 5-3 (Groundball, 56)
|
Batting: LHB Bob Martin
|
0-0: Ball 1-0: Called Strike 1-1: Called Strike 1-2: Foul Ball, location: 2F 1-2: Strikes out looking
|
Batting: LHB Don Ramey
|
0-0: Ball 1-0: Ball 2-0: Ground out 4-3 (Groundball, 4M)
|
Bottom of the 1st over - 0 run(s), 0 hit(s), 0 error(s), 0 left on base; Baffin Island 0 - Nassau 0 |
TOP OF THE 2ND |
Baffin Island Beavers batting - Pitching for Nassau Rockets : LHP Rod Adams
|
Batting: LHB Robert Phillips
|
0-0: Foul Ball, location: 2F 0-1: Ball 1-1: Swinging Strike 1-2: Foul Ball, location: 2F 1-2: Strikes out swinging
|
Batting: SHB Ron Edwards
|
0-0: Called Strike 0-1: Ball 1-1: Ball 2-1: Swinging Strike 2-2: Fly out, F8 (Flyball, 78D)
|
Batting: LHB Mike MacFadden
|
0-0: Ball 1-0: Called Strike 1-1: Ball 2-1: Ground out 4-3 (Groundball, 4S)
|
Top of the 2nd over - 0 run(s), 0 hit(s), 0 error(s), 0 left on base; Baffin Island 0 - Nassau 0 |
BOTTOM OF THE 2ND |
Nassau Rockets batting - Pitching for Baffin Island Beavers : RHP Robert Reeves
|
Batting: SHB Chris Bennis
|
0-0: Ball 1-0: Foul Ball, location: 2F 1-1: Swinging Strike 1-2: Strikes out looking
|
Batting: RHB Kenji Kudo
|
0-0: Ground out 5-3 (Groundball, 56S)
|
Batting: SHB Edgardo Osorio
|
0-0: SINGLE (Flyball, 8LS)
|
Batting: RHB Jesús Villalobos
|
0-0: Called Strike 0-1: Ball 1-1: Fielders Choice at 2nd, 5-4 (Groundball, 56)
|
Bottom of the 2nd over - 0 run(s), 1 hit(s), 0 error(s), 0 left on base; Baffin Island 0 - Nassau 0 |
TOP OF THE 3RD |
Baffin Island Beavers batting - Pitching for Nassau Rockets : LHP Rod Adams
|
Batting: SHB Alonso Ferreira
|
0-0: Foul Ball, location: 2F 0-1: Fly out, F8 (Line Drive, 8LXD)
|
Batting: RHB Kelly Graham
|
0-0: Ground out 1-3 (Groundball, 13)
|
Batting: RHB José Aguilera
|
0-0: Ball 1-0: Ball 2-0: Called Strike 2-1: Ground out 6-3 (Groundball, 6)
|
Top of the 3rd over - 0 run(s), 0 hit(s), 0 error(s), 0 left on base; Baffin Island 0 - Nassau 0 |
BOTTOM OF THE 3RD |
Nassau Rockets batting - Pitching for Baffin Island Beavers : RHP Robert Reeves
|
Batting: RHB Brant Sherman
|
0-0: Ball 1-0: Ball 2-0: Called Strike 2-1: Ground out 5-3 (Groundball, 56)
|
Batting: RHB Yaichiro Sugahara
|
0-0: Ball 1-0: Called Strike 1-1: Swinging Strike 1-2: Ball 2-2: Strikes out swinging
|
Batting: SHB Howard Parker
|
0-0: Called Strike 0-1: Foul Ball, location: 2F 0-2: Foul Ball, location: 2F 0-2: Ball 1-2: SINGLE (Groundball, 4D)
|
Batting: LHB Bob Martin
|
0-0: Ball 1-0: SINGLE (Groundball, 4MD) Howard Parker to second Runner from 2nd tries for 3rd, SAFE, no throw
|
Pinch Runner at 3rd Soshu Nakamura:
|
|
Batting: LHB Don Ramey
|
0-0: Called Strike 0-1: Called Strike 0-2: Hit by Pitch Bob Martin to second
|
Batting: SHB Chris Bennis
|
0-0: Ball 1-0: Fielders Choice at 2nd, 4-6 (Groundball, 4)
|
Bottom of the 3rd over - 0 run(s), 2 hit(s), 0 error(s), 2 left on base; Baffin Island 0 - Nassau 0 |
TOP OF THE 4TH |
Baffin Island Beavers batting - Pitching for Nassau Rockets : LHP Rod Adams
|
Now at 2B: Soshu Nakamura
|
|
Batting: RHB Dave Craig
|
0-0: Ball 1-0: Ball 2-0: Ball 3-0: Called Strike 3-1: Foul Ball, location: 2F 3-2: Base on Balls
|
Batting: RHB Tony Morton
|
0-0: Ball 1-0: Ball 2-0: Ball 3-0: Foul Ball, location: 2F 3-1: DOUBLE (Flyball, 9D) Dave Craig to third Runner from 3rd tries for Home, SAFE, no throw
|
Batting: LHB Norberto Muńóz
|
0-0: Foul Ball, location: 2F 0-1: Swinging Strike 0-2: Ball 1-2: Fly out, F7 (Flyball, 7LM)
|
Batting: LHB Robert Phillips
|
0-0: Ball 1-0: Ball 2-0: Called Strike 2-1: Called Strike 2-2: SINGLE (Line Drive, 7S) Tony Morton to third Runner from 3rd tries for Home, throw and OUT! Robert Phillips to second
|
Batting: SHB Ron Edwards
|
0-0: Ball 1-0: Ball 2-0: Called Strike 2-1: Called Strike 2-2: Strikes out swinging
|
Top of the 4th over - 1 run(s), 2 hit(s), 0 error(s), 1 left on base; Baffin Island 1 - Nassau 0 |
BOTTOM OF THE 4TH |
Nassau Rockets batting - Pitching for Baffin Island Beavers : RHP Robert Reeves
|
Batting: RHB Kenji Kudo
|
0-0: Called Strike 0-1: Ground out 3-1 (Groundball, 23)
|
Batting: SHB Edgardo Osorio
|
0-0: Ball 1-0: Foul Ball, location: 2F 1-1: Foul Ball, location: 2F 1-2: Foul Ball, location: 2F 1-2: Strikes out looking
|
Batting: RHB Jesús Villalobos
|
0-0: Foul Ball, location: 2F 0-1: Ball 1-1: Ground out 1-3 (Groundball, 13)
|
Bottom of the 4th over - 0 run(s), 0 hit(s), 0 error(s), 0 left on base; Baffin Island 1 - Nassau 0 |
TOP OF THE 5TH |
Baffin Island Beavers batting - Pitching for Nassau Rockets : LHP Rod Adams
|
Pitching: RHP Jason Drake
|
|
Batting: LHB Mike MacFadden
|
0-0: Foul Ball, location: 2F 0-1: Ball 1-1: Foul Ball, location: 2F 1-2: Strikes out swinging
|
Batting: SHB Alonso Ferreira
|
0-0: Foul Ball, location: 2F 0-1: Fly out, F8 (Flyball, 8RD)
|
Batting: RHB Kelly Graham
|
0-0: Ground out 5-3 (Groundball, 56)
|
Top of the 5th over - 0 run(s), 0 hit(s), 0 error(s), 0 left on base; Baffin Island 1 - Nassau 0 |
BOTTOM OF THE 5TH |
Nassau Rockets batting - Pitching for Baffin Island Beavers : RHP Robert Reeves
|
Pitching: LHP Edgardo Guzmán
|
|
Batting: RHB Brant Sherman
|
0-0: Fly out, F8 (Flyball, 8RS)
|
Batting: RHB Yaichiro Sugahara
|
0-0: Foul Ball, location: 2F 0-1: Fly out, F8 (Flyball, 8LS)
|
Batting: RHB Soshu Nakamura
|
0-0: Ball 1-0: Ball 2-0: Hit by Pitch
|
Batting: LHB Bob Martin
|
0-0: Foul Ball, location: 2F 0-1: Ground out 4-3 (Groundball, 4S)
|
Bottom of the 5th over - 0 run(s), 0 hit(s), 0 error(s), 1 left on base; Baffin Island 1 - Nassau 0 |
TOP OF THE 6TH |
Baffin Island Beavers batting - Pitching for Nassau Rockets : RHP Jason Drake
|
Batting: RHB José Aguilera
|
0-0: Swinging Strike 0-1: Ball 1-1: Foul Ball, location: 2F 1-2: Strikes out looking
|
Batting: RHB Dave Craig
|
0-0: Swinging Strike 0-1: Ball 1-1: Ball 2-1: Ball 3-1: Base on Balls
|
Batting: RHB Tony Morton
|
0-0: Ball 1-0: Called Strike 1-1: DOUBLE (Line Drive, 89XD) Dave Craig to third
|
Batting: LHB Norberto Muńóz
|
0-0: Ball 1-0: Foul Ball, location: 2F 1-1: Called Strike 1-2: Ball 2-2: Strikes out swinging
|
Batting: LHB Robert Phillips
|
0-0: Foul Ball, location: 2F 0-1: Ball 1-1: Ball 2-1: Ball 3-1: Called Strike 3-2: Base on Balls
|
Batting: SHB Ron Edwards
|
0-0: Ball 1-0: Foul Ball, location: 2F 1-1: Called Strike 1-2: Ball 2-2: Foul Ball, location: 2F 2-2: Ball 3-2: SINGLE (Flyball, 89S) Dave Craig scores Tony Morton to third Robert Phillips to second Tony Morton scores Robert Phillips to third
|
Batting: LHB Mike MacFadden
|
0-0: Ball 1-0: Ball 2-0: Ball 3-0: Called Strike 3-1: Base on Balls Ron Edwards to second
|
Batting: SHB Alonso Ferreira
|
0-0: Called Strike 0-1: Called Strike 0-2: Strikes out swinging
|
Top of the 6th over - 2 run(s), 2 hit(s), 0 error(s), 3 left on base; Baffin Island 3 - Nassau 0 |
BOTTOM OF THE 6TH |
Nassau Rockets batting - Pitching for Baffin Island Beavers : LHP Edgardo Guzmán
|
Batting: LHB Don Ramey
|
0-0: Fly out, F8 (Line Drive, 78M)
|
Batting: SHB Chris Bennis
|
0-0: Called Strike 0-1: Called Strike 0-2: Ground out 6-3 (Groundball, 6)
|
Batting: RHB Kenji Kudo
|
0-0: Ball 1-0: Foul Ball, location: 2F 1-1: SINGLE (Flyball, 7S)
|
Batting: SHB Edgardo Osorio
|
0-0: Fly out, F9 (Flyball, 9)
|
Bottom of the 6th over - 0 run(s), 1 hit(s), 0 error(s), 1 left on base; Baffin Island 3 - Nassau 0 |
TOP OF THE 7TH |
Baffin Island Beavers batting - Pitching for Nassau Rockets : RHP Jason Drake
|
Pinch Hitting: LHB Lorenzo Villa
|
0-0: Ball 1-0: Foul Ball, location: 2F 1-1: Ball 2-1: Foul Ball, location: 2F 2-2: Fly out, F9 (Flyball, 9LD)
|
Pinch Hitting: LHB Keng-chi Lao
|
0-0: Ground out 4-3 (Groundball, 34)
|
Pitching: LHP Dave Miller
|
|
Pinch Hitting: RHB Ángelo García
|
0-0: Foul Ball, location: 2F 0-1: Fly out, F8 (Flyball, 8RM)
|
Top of the 7th over - 0 run(s), 0 hit(s), 0 error(s), 0 left on base; Baffin Island 3 - Nassau 0 |
BOTTOM OF THE 7TH |
Nassau Rockets batting - Pitching for Baffin Island Beavers : LHP Edgardo Guzmán
|
Now at 3B: Keng-chi Lao
|
|
Now at SS: Ángelo García
|
|
Now in RF: José Rodríguez
|
|
Batting: RHB Jesús Villalobos
|
0-0: Bunted foul 0-1: DOUBLE (Line Drive, 89M)
|
Batting: RHB Brant Sherman
|
0-0: Called Strike 0-1: Ball 1-1: Ball 2-1: Ground out 3-1 (Groundball, 34) Jesús Villalobos to third
|
Batting: RHB Yaichiro Sugahara
|
0-0: SINGLE (Groundball, 6MD) Jesús Villalobos scores
|
Batting: RHB Soshu Nakamura
|
0-0: Called Strike 0-1: 2-RUN HOME RUN (Flyball, 7D), Distance : 372 ft
|
Pitching: LHP Cecil Bonekamp
|
|
Pinch Hitting: LHB Andrew Alvarado
|
0-0: Foul Ball, location: 2F 0-1: Foul Ball, location: 2F 0-2: Ball 1-2: Strikes out swinging
|
Pinch Hitting: LHB Doug Thompson
|
0-0: Foul Ball, location: 2F 0-1: Ball 1-1: Foul Ball, location: 2F 1-2: Ground out 4-3 (Groundball, 4)
|
Bottom of the 7th over - 3 run(s), 3 hit(s), 0 error(s), 0 left on base; Baffin Island 3 - Nassau 3 |
TOP OF THE 8TH |
Baffin Island Beavers batting - Pitching for Nassau Rockets : LHP Dave Miller
|
Now at 3B: Juan Romero
|
|
Now in CF: Andrew Alvarado
|
|
Pinch Hitting: RHB Raúl Soto
|
0-0: Ball 1-0: Foul Ball, location: 2F 1-1: Swinging Strike 1-2: Strikes out looking
|
Pinch Hitting: RHB Pedro Molina
|
0-0: Ball 1-0: Swinging Strike 1-1: Fly out, F8 (Flyball, 8LS)
|
Batting: LHB Howard Evans
|
0-0: Called Strike 0-1: Called Strike 0-2: Foul Ball, location: 2F 0-2: SINGLE (Flyball, 6MD)
|
Pinch Runner at 1st Greg Sharpe:
|
|
Pinch Hitting: LHB Javier Orozco
|
0-0: Called Strike 0-1: Ground out 4-3 (Groundball, 34)
|
Top of the 8th over - 0 run(s), 1 hit(s), 0 error(s), 1 left on base; Baffin Island 3 - Nassau 3 |
BOTTOM OF THE 8TH |
Nassau Rockets batting - Pitching for Baffin Island Beavers : LHP Cecil Bonekamp
|
Now at SS: Emílio Calvillo
|
|
Now in LF: Javier Orozco
|
|
Now in CF: Raúl Soto
|
|
Pinch Hitting: RHB Salvador Borbón
|
0-0: Called Strike 0-1: Called Strike 0-2: SINGLE (Flyball, 8RS)
|
Pinch Hitting: RHB Rubén Matos
|
0-0: Called Strike 0-1: Ball 1-1: Foul Ball, location: 2F 1-2: DOUBLE (Groundball, 5L) Salvador Borbón to third
|
Batting: LHB Wilson Allen
|
0-0: Intentional Walk
|
Pinch Hitting: RHB Pete Harvey
|
0-0: Ball 1-0: Foul Ball, location: 2F 1-1: Ball 2-1: Ball 3-1: Foul Ball, location: 2F 3-2: Base on Balls Salvador Borbón scores Rubén Matos to third Wilson Allen to second
|
Batting: RHB Brant Sherman
|
0-0: Foul Ball, location: 2F 0-1: Swinging Strike 0-2: Ball 1-2: Fly out, F8 (Flyball, 8RD) Runner from 3rd tags up, SCORES, no throw
|
Batting: RHB Yaichiro Sugahara
|
0-0: Called Strike 0-1: Swinging Strike 0-2: Foul Ball, location: 2F 0-2: Ball Wild Pitch! Wilson Allen to third Pete Harvey to second 1-2: Foul Ball, location: 2F 1-2: Foul Ball, location: 2F 1-2: Ground out 1-3 (Groundball, P)
|
Batting: RHB Soshu Nakamura
|
0-0: SINGLE (Line Drive, 4D) Wilson Allen scores Pete Harvey to third
|
Pitching: LHP Jaime Guzmán
|
|
Batting: LHB Andrew Alvarado
|
0-0: Foul Ball, location: 2F 0-1: Called Strike 0-2: Ball 1-2: Strikes out swinging
|
Bottom of the 8th over - 3 run(s), 3 hit(s), 0 error(s), 2 left on base; Baffin Island 3 - Nassau 6 |
TOP OF THE 9TH |
Baffin Island Beavers batting - Pitching for Nassau Rockets : LHP Dave Miller
|
Pitching: LHP Gianluigi Ciottone
|
|
Now at 1B: Rubén Matos
|
|
Now at SS: Salvador Borbón
|
|
Now in LF: Pete Harvey
|
|
Pinch Hitting: RHB Tomás Díaz
|
0-0: Ball 1-0: Foul Ball, location: 2F 1-1: SINGLE (Groundball, 34S) (infield hit)
|
Pinch Hitting: RHB Murdoch Norton
|
0-0: Called Strike 0-1: Foul Ball, location: 2F 0-2: Foul Ball, location: 2F 0-2: Ball 1-2: Ball 2-2: Grounds into double play, 5-4-3 (Groundball, 56)
|
Batting: LHB José Rodríguez
|
0-0: Foul Ball, location: 2F 0-1: Called Strike 0-2: Strikes out looking
|
Top of the 9th over - 0 run(s), 1 hit(s), 0 error(s), 0 left on base; Baffin Island 3 - Nassau 6 |
|